 Dungeon Crawl Stone Soup version 0.25.1-2-g60ff931df9 (webtiles) character file.

Game seed: 8537725823388915334

560 Cykl0x the Shield-Bearer (level 7, -2/54 HPs)
             Began as a Formicid Fighter on Oct 1, 2020.
             Killed by divine providence
             ... invoked by an orc priest
              (8 damage)
             ... on level 4 of the Dungeon.
             The game lasted 00:10:24 (4127 turns).

Cykl0x the Shield-Bearer (Formicid Fighter)         Turns: 4127, Time: 00:10:25

Health: -2/54      AC:  7    Str: 22    XL:     7   Next: 57%
Magic:  7/7        EV:  9    Int:  8    God:
Gold:   240        SH: 11    Dex: 10    Spells: 6/6 levels left

rFire    . . .     SeeInvis +   a - +0 long sword
rCold    . . .     Gourm    .   c - +1 kite shield
rNeg     . . .     Faith    .   b - +0 scale mail
rPois    .         Spirit   .   (helmet unavailable)
rElec    .         Reflect  .   (no cloak)
rCorr    .         Harm     .   (no gloves)
MR       .....                  (no boots)
Stlth    ..........             (no amulet)
HPRegen  0.18/turn              (no ring)
MPRegen  0.10/turn              (no ring)

@: no status effects
A: permanent stasis, dig shafts and tunnels, four strong arms, antennae 3
a: Dig, Shaft Self


You were on level 4 of the Dungeon.
You were hungry.

You visited 1 branch of the dungeon, and saw 4 of its levels.

You collected 240 gold pieces.

Inventory:

Hand Weapons
 a - a +0 long sword (weapon)
Missiles
 i - 77 stones (quivered)
Armour
 b - a +0 scale mail (worn)
 c - a +1 kite shield (worn)
Jewellery
 m - an uncursed amulet of reflection {unknown}
 q - a +6 ring of intelligence {unknown}
Wands
 k - a wand of random effects (20)
 n - a wand of enslavement (9)
Potions
 d - a potion of might
 e - 2 potions of flight
 g - a potion of cancellation
 h - a potion of invisibility
 j - a potion of resistance
 l - 2 potions of brilliance {unknown}
 o - 4 potions of curing
 p - a potion of heal wounds {unknown}
 s - a potion of ambrosia {unknown}
 t - 2 potions of stabbing {unknown}
Comestibles
 f - 5 rations


   Skills:
 + Level 4.1 Fighting
 + Level 4.8 Long Blades
 + Level 1.2 Throwing
 + Level 5.1 Armour
 + Level 1.1 Dodging
 + Level 0.4 Stealth
 + Level 5.6 Shields


You had 6 spell levels left.
You didn't know any spells.
Your spell library contained the following spells:

 Spells                   Type           Power        Failure   Level  Hunger
 Corona                   Hex            #......      92%         1    ##.....
 Ensorcelled Hibernation  Hex/Ice        #.....       98%         2    ###....
 Confusing Touch          Hex            #.......     100%        3    ####...
 Dazzling Flash           Conj/Hex       #.....       100%        3    ####...
 Tukima's Dance           Hex            #.......     100%        3    ####...


Dungeon Overview and Level Annotations

Branches:
Dungeon (4/15)
 Temple: D:4-7

Altars:
Ashenzari


Innate Abilities, Weirdness & Mutations

You cannot be hasted, slowed, berserked, paralysed or teleported.
You can dig through walls and to a lower floor.
Your four strong arms can wield two-handed weapons with a shield.
You have a pair of large antennae on your head. (SInv)


Message History

You feel sick.
You are no longer poisoned.
The orc priest calls down the wrath of Beogh upon you.
Beogh smites you!
You hear a shout!
You hit the orc priest.
The orc priest is severely wounded.
The orc priest invokes the aid of Beogh against you.
Beogh smites you!
Your scale mail prevents you from hitting the orc priest.
The orc priest is severely wounded.
The orc priest calls down the wrath of Beogh upon you.
Beogh smites you!
* * * LOW HITPOINT WARNING * * *
You hit the orc priest but do no damage.
The orc priest is severely wounded.
You block the orc priest's attack.
The orc priest mumbles some strange prayers to Beogh against you.
Beogh smites you!
You die...

###################
#............<....#
##.##############.# #
#.#### #@## #.# # #....#
##o# #.# # ####.####{##
#.# #
#.....#.....#.##### #
#####.#.###.#.#...# #
#.<....#.#.. #.....#####
#o.#####.#.#####...#....
# {{ ..>........+.... {
###.#####...#.###


You could see an orc priest.

Vanquished Creatures
  A phantom (D:4)
  A centaur (D:4)
  An orc priest (D:4)
  An orc wizard (D:4)
  Ijyb (D:3)
  Natasha (thrice) (D:3)
  A worker ant (D:4)
  2 hound skeletons (D:4)
  4 gnolls
  3 adders
  2 oozes
  4 worms
  2 dart slugs
  3 leopard geckos
  12 orcs
  7 bats
  3 giant cockroaches
  8 goblins
  8 hobgoblins
  9 jackals
  3 kobolds (D:1)
  3 ball pythons
  3 frilled lizards
  5 rats
90 creatures vanquished.

Vanquished Creatures (others)
  A leopard gecko (D:3)
1 creature vanquished.

Grand Total: 91 creatures vanquished

Notes
Turn   | Place    | Note
-------+----------+-------------------------------------------
     0 | D:1      | Cykl0x the Formicid Fighter began the quest for the Orb.
     0 | D:1      | Reached XP level 1. HP: 18/18 MP: 1/1
   218 | D:1      | Reached XP level 2. HP: 24/24 MP: 2/2
   293 | D:1      | Reached XP level 3. HP: 24/29 MP: 3/3
  1093 | D:2      | Reached XP level 4. HP: 33/36 MP: 4/4
  1667 | D:2      | Found a shattered altar of Ashenzari.
  1812 | D:3      | Noticed Natasha
  1825 | D:3      | Killed Natasha
  1825 | D:3      | Reached XP level 5. HP: 35/42 MP: 5/5
  1932 | D:3      | Noticed Natasha
  1943 | D:3      | Killed Natasha
  2004 | D:3      | Noticed Natasha
  2013 | D:3      | Killed Natasha
  2303 | D:3      | Noticed Ijyb
  2321 | D:3      | Killed Ijyb
  2321 | D:3      | Reached skill level 1 in Throwing
  2321 | D:3      | Reached XP level 6. HP: 42/48 MP: 6/6
  3001 | D:4      | Reached skill level 5 in Armour
  3001 | D:4      | Reached skill level 5 in Shields
  3219 | D:4      | Reached XP level 7. HP: 18/54 MP: 7/7
  3529 | D:4      | Reached skill level 1 in Dodging
  4127 | D:4      | Killed from afar by an orc priest

Illustrated notes

Levels and vault maps discovered:
D:1:      lordsloth_arrival_two_stooges, layout_rooms, minmay_misc_feat_tower
D:2:      layout_rooms, nicolae_overflow_crystal_walls
D:3:      layout_loops_cross, uniq_ijyb, uniq_natasha
D:4:      layout_basic, first_ration, chei_slow_surprise

Skill      XL: |  1  2  3  4  5  6  7 |
---------------+----------------------+-----
Shields        | 4 5 |  5.6
Armour         | 4 5 |  5.1
Long Blades    | 3 4 |  4.8
Throwing       | 1 |  1.2
Fighting       | 4 |  4.1
Dodging        | 1 |  1.1
Stealth        | |  0.4

Action                   |  1- 3 |  4- 6 |  7- 9 || total
-------------------------+-------+-------+-------++-------
Melee: Long sword        |   101 |   207 |    99 ||   407
Throw: Stone             |    24 |    53 |    35 ||   112
 Abil: Dig               |     2 |     1 |     1 ||     4
  Use: Scroll            |     3 |     6 |     1 ||    10
       Potion            |     1 |       |       ||     1
  Eat: Chunk             |     1 |     6 |     4 ||    11
Armor: Scale mail        |    41 |    82 |    14 ||   137
Dodge: Dodged            |    36 |    69 |    17 ||   122
Block: Kite shield       |    55 |   118 |    46 ||   219
       Rpst.: Long sword |    12 |    19 |     8 ||    39
